 Dungeon Crawl Stone Soup version 0.21.1-1-g345015f (webtiles) character file.

5113 tyranidshit the Envoy of Void (level 10, -11/83 HPs)
             Began as a Demonspawn Abyssal Knight on July 27, 2018.
             Was a High Priest of Lugonu.
             Killed from afar by aaksess's ghost (23 damage)
             ... with a flame tongue
             ... on level 10 of the Dungeon.
             The game lasted 00:31:22 (8142 turns).

tyranidshit the Envoy of Void (DsAK)                Turns: 8142, Time: 00:31:23

Health: -11/83     AC: 22    Str: 16 (17) XL:     10   Next: 32%
Magic:  18/18      EV:  1    Int: 14 (17) God:    Lugonu [*****.]
Gold:   348        SH: 13    Dex: 15      Spells: 9/9 levels left

rFire    . . .     SeeInvis .   s - +2 flail (protect)
rCold    . . .     Gourm    .   m - +0 large shield
rNeg     + . .     Faith    .   f - +1 plate armour
rPois    .         Spirit   .   (helmet restricted)
rElec    .         Reflect  .   (no cloak)
rCorr    .         Harm     .   (no gloves)
MR       +....                  (no boots)
Stlth    ..........             C - amulet of magic regeneration
HPRegen  0.23/turn              t - ring of positive energy
MPRegen  0.41/turn              x - ring of the Invisible Demons {MR+ AC+3 Str+2 Int+3}

@: sanguine armour
A: hooves 1, horns 1, agile 1, demonic guardian 1, high mp 1, nightstalker 2,
evolution 1, sanguine armour 1
a: Depart the Abyss, Bend Space, Banish, Corrupt, Enter the Abyss, Renounce
Religion


You were on level 10 of the Dungeon.
You worshipped Lugonu.
Lugonu was extremely pleased with you.
You were not hungry.

You visited 1 branch of the dungeon, and saw 12 of its levels.
You visited the Abyss 1 time.
You also visited: Ossuary.

You collected 348 gold pieces.

Inventory:

Hand Weapons
 s - a +2 flail of protection (weapon)
 D - a +2 broad axe
 E - the +5 spear of the Enemy {pain, MR+ Str+4 Int+2}
   (You found it on level 9 of the Dungeon)

   In the hands of one skilled in necromantic magic, it inflicts extra damage on
   living creatures.
   It affects your strength (+4).
   It affects your intelligence (+2).
   It affects your resistance to hostile enchantments.
Armour
 b - a +0 leather armour
 f - a +1 plate armour (worn)
 m - a +0 large shield (worn)
Jewellery
 t - a ring of positive energy (left hand)
 w - an uncursed ring of teleportation
 x - the ring of the Invisible Demons (right hand) {MR+ AC+3 Str+2 Int+3}
   (You found it on level 9 of the Dungeon)

   [ring of protection]

   It affects your AC (+3).
   It affects your strength (+2).
   It affects your intelligence (+3).
   It affects your resistance to hostile enchantments.
 C - an amulet of magic regeneration (around neck)
Wands
 e - a wand of iceblast (6)
 o - a wand of polymorph (12)
 q - a wand of flame (87)
 y - a wand of acid (2)
 B - a wand of digging (8)
 F - a wand of scattershot (3)
Scrolls
 g - 7 scrolls of teleportation
 i - 2 scrolls of identify
 k - 4 scrolls of fear
 p - 2 scrolls of remove curse
 v - 2 scrolls of fog
Potions
 a - a potion of heal wounds
 d - 3 potions of mutation
 j - a potion of brilliance
 l - 2 potions of flight
 r - 2 potions of might
 u - a potion of haste
 z - 2 potions of curing
 A - a potion of lignification
Comestibles
 c - 18 rations


   Skills:
 + Level 9.0 Fighting
 + Level 3.2 Axes
 - Level 6.0 Armour
 - Level 0.8 Dodging
 - Level 4.0 Shields
 - Level 9.0 Invocations
 - Level 7.0 Evocations


You had 9 spell levels left.
You didn't know any spells.

Dungeon Overview and Level Annotations

Branches:
Dungeon (12/15)            Temple (0/1) D:4            Lair (0/6) D:9
    Orc: D:9-12

Altars:
Cheibriados
Elyvilon
Fedhas
Gozag
Makhleb
Nemelex Xobeh
Ru
Trog
Vehumet
Xom
Yredelemnul
The Shining One

Shops:
D:5 =

Annotations:
D:5 1 exclusion
D:10 aaksess's ghost, journeyman HuFE


Innate Abilities, Weirdness & Mutations

You have large cloven feet.
A weak demonic guardian rushes to your aid.
You are significantly more attuned to the shadows.
When seriously injured, your bleeding wounds create armour. (AC +6)
You have a pair of small horns on your head.
You are agile. (Dex +2)
You have an increased reservoir of magic. (+10% MP)
You evolve.


Message History

Your ufetubus dies!
There is an escape hatch in the ceiling here.
The flame tongue hits your shadow imp.
Found a wand of iceblast (13).
Aaksess's ghost gestures at you while chanting.
The fireball explodes!
The fireball engulfs you!
* * * LOW HITPOINT WARNING * * *
Evoke which item? (* to show all) (? for menu, Esc to quit)
Aiming: Corrosive Bolt
Press: ? - help, Shift-Dir - straight line, f/p - aaksess's ghost
Aim: aaksess's ghost, wielding a weapon of protection (almost destroyed)
The bolt of acid misses aaksess's ghost.
Evoke which item? (* to show all) (? for menu, Esc to quit)
Aiming: Corrosive Bolt
Press: ? - help, Shift-Dir - straight line, f/p - aaksess's ghost
Aim: aaksess's ghost, wielding a weapon of protection (almost destroyed)
The bolt of acid misses aaksess's ghost.
Aaksess's ghost gestures at you while chanting.
The flame tongue hits you!
You die...

....# #.........#
....#### #.........#
......5####.........#
....##.††.†......?..#
..T.#######.....5W..#
...W# ########'##
....# #..# .5..#
######W## ..###
#....@.# #..##
#..###### .5..... #.
....... .. #######
....... / #......
......[ #......
....... #...... .....
#...... ###?% #......


You could see aaksess's ghost.

Vanquished Creatures
  A two-headed ogre (D:8)
  A troll (D:10)
  A hippogriff (D:10)
  Sigmund (D:3)
  A yak (D:9)
  Edmund (D:4)
  A porcupine (D:9)
  An orc warrior (D:9)
  3 black bears (D:9)
  2 ice beasts (D:7)
  2 sky beasts
  An ogre (D:4)
  2 phantoms
  3 centaurs
  3 bullfrogs
  A wyvern zombie (D:7)
  A wyvern skeleton (D:11)
  2 scorpions
  A killer bee (D:8)
  A howler monkey (D:8)
  2 crimson imps
  3 orc priests
  8 hounds
  A centaur skeleton (D:8)
  An iguana (D:8)
  3 orc wizards (D:3)
  7 worker ants
  A killer bee zombie (D:9)
  7 big kobold zombies (Ossuary)
  4 hound skeletons
  A mummy (Ossuary)
  A howler monkey zombie (D:6)
  A worker ant zombie (D:5)
  10 adders
  3 gnolls (D:4)
  5 shadow imps
  An ooze (D:4)
  2 adder skeletons
  3 dart slugs
  8 leopard geckos
  18 orcs
  A spectral bat (Ossuary)
  A giant cockroach (D:2)
  6 goblins
  3 hobgoblins
  2 jackals (D:1)
  5 quokkas
  7 bats
  3 bat simulacra (Ossuary)
  8 frilled lizards
  7 gnoll zombies
  5 goblin simulacra (Ossuary)
  4 goblin zombies (Ossuary)
  8 hobgoblin zombies (Ossuary)
  5 kobolds
  2 kobold zombies (Ossuary)
  2 leopard gecko skeletons
  4 orc zombies (Ossuary)
  6 rats
  5 rat simulacra (Ossuary)
  6 spectral goblins (Ossuary)
  A spectral kobold (Ossuary)
  3 spectral rats (Ossuary)
214 creatures vanquished.

Vanquished Creatures (collateral kills)
  A hippogriff (D:8)
  A hungry ghost (D:8)
  Duvessa (D:4)
  A phantom (D:7)
  A centaur (D:5)
  A crocodile (D:7)
  3 bullfrogs
  Dowan (D:4)
  2 crimson imps
  A hound (D:5)
  An orc priest (D:7)
  An orc wizard (D:7)
  A worker ant (D:5)
  A hound zombie (D:8)
  A worker ant zombie (D:6)
  8 gnolls
  2 adders
  A shadow imp (D:7)
  5 orcs
  A quokka (D:5)
  A ball python (D:8)
  A frilled lizard (D:3)
  A goblin (D:2)
38 creatures vanquished.

Vanquished Creatures (others)
  A manticore (D:8)
  3 killer bees (D:8)
4 creatures vanquished.

Grand Total: 256 creatures vanquished

Notes
Turn   | Place    | Note
-------+----------+-------------------------------------------
     0 | Abyss:1  | tyranidshit the Demonspawn Abyssal Knight began the quest for the Orb.
     0 | Abyss:1  | Reached XP level 1. HP: 18/18 MP: 2/2
    16 | Abyss:2  | Gained mutation: You are weak. (Str -2) [potion of mutation]
    16 | Abyss:2  | Gained mutation: You evolve. [potion of mutation]
    16 | Abyss:2  | Gained mutation: You have an increased reservoir of magic. (+10% MP) [potion of mutation]
    16 | Abyss:2  | Gained mutation: You have large cloven feet. [potion of mutation]
    23 | Abyss:2  | Noticed a hellwing
    47 | Abyss:2  | Noticed a tentacled starspawn
    52 | D:1      | Escaped the Abyss
   181 | D:1      | Gained mutation: A weak demonic guardian rushes to your aid. [demonic ancestry]
   181 | D:1      | Reached XP level 2. HP: 22/24 MP: 4/4
   193 | D:1      | Reached * piety under Lugonu
   254 | D:1      | Reached skill level 1 in Evocations
  1021 | D:2      | Reached XP level 3. HP: 26/29 MP: 5/5
  1193 | D:2      | Gained mutation: When seriously injured, your bleeding wounds create armour. (AC +6) [demonic ancestry]
  1193 | D:2      | Reached XP level 4. HP: 10/38 MP: 6/6
  1428 | D:2      | Lost mutation: You are weak. (Str -2) [evolution]
  1625 | D:3      | Reached ** piety under Lugonu
  1627 | D:3      | Found a sacrificial altar of Ru.
  1627 | D:3      | Found a radiant altar of Vehumet.
  1644 | D:3      | Reached skill level 5 in Fighting
  1710 | D:3      | Mutation became permanent: You have large cloven feet. [demonic ancestry]
  1710 | D:3      | Gained mutation: You have large cloven feet. [demonic ancestry]
  1710 | D:3      | Reached XP level 5. HP: 35/44 MP: 7/7
  1937 | D:3      | Found a blossoming altar of Fedhas.
  2003 | D:3      | Noticed Sigmund
  2122 | D:3      | Killed Sigmund
  2122 | D:3      | Gained mutation: You are slightly more attuned to the shadows. [demonic ancestry]
  2122 | D:3      | Reached XP level 6. HP: 20/51 MP: 8/8
  2209 | D:3      | Found a glowing golden altar of the Shining One.
  2469 | D:3      | Gained mutation: You have a pair of small horns on your head. [evolution]
  2838 | D:4      | Found a sand-covered staircase.
  2847 | Ossuary  | Entered an ossuary
  3020 | Ossuary  | Reached *** piety under Lugonu
  3153 | Ossuary  | Reached skill level 1 in Shields
  3330 | Ossuary  | Reached **** piety under Lugonu
  3357 | Ossuary  | Reached XP level 7. HP: 38/56 MP: 9/9
  3520 | D:4      | Reached skill level 5 in Armour
  3533 | D:4      | Noticed Edmund
  3565 | D:4      | Killed Edmund
  3576 | D:4      | Found an opulent altar of Gozag.
  3577 | D:4      | Found a sparkling altar of Nemelex Xobeh.
  3621 | D:4      | Found a staircase to the Ecumenical Temple.
  3785 | D:4      | Found a burning altar of Makhleb.
  3795 | D:4      | Noticed Dowan
  3797 | D:4      | Noticed Duvessa
  3805 | D:4      | Killed Dowan
  3812 | D:4      | Killed Duvessa
  4365 | D:5      | Entered Level 5 of the Dungeon
  4442 | D:5      | Found Fuomnaho's Jewellery Boutique.
  4486 | D:5      | Reached XP level 8. HP: 47/63 MP: 10/10
  4637 | D:5      | Gained mutation: You are agile. (Dex +2) [evolution]
  5152 | D:6      | Reached ***** piety under Lugonu
  5190 | D:6      | Found a bloodstained altar of Trog.
  5882 | D:7      | Found a shimmering altar of Xom.
  5908 | D:7      | Reached XP level 9. HP: 43/75 MP: 13/13
  6042 | D:7      | Reached skill level 5 in Invocations
  6091 | D:7      | Found a radiant altar of Vehumet.
  6285 | D:8      | Found a white marble altar of Elyvilon.
  6436 | D:8      | Noticed a manticore
  6447 | D:8      | Banished a manticore
  6447 | D:8      | Reached skill level 5 in Evocations
  6767 | D:8      | Found a snail-covered altar of Cheibriados.
  6926 | D:8      | Found a basalt altar of Yredelemnul.
  7095 | D:8      | Noticed a two-headed ogre
  7147 | D:8      | Killed a two-headed ogre
  7220 | D:9      | Got a wavering steel ring
  7221 | D:9      | Identified the ring of the Invisible Demons {MR+ AC+3 Str+2 Int+3} (You found it on level 9 of the Dungeon)
  7245 | D:9      | Gained mutation: You are significantly more attuned to the shadows. [demonic ancestry]
  7245 | D:9      | Reached XP level 10. HP: 79/81 MP: 18/18
  7706 | D:9      | Identified a scroll of acquirement
  7722 | D:9      | Got a warped spear
  7723 | D:9      | Identified the +5 spear of the Enemy {pain, MR+ Str+4 Int+2} (You found it on level 9 of the Dungeon)
  7747 | D:9      | Found a staircase to the Lair.
  7967 | D:10     | Entered Level 10 of the Dungeon
  7967 | D:10     | Noticed aaksess's ghost (journeyman HuFE)
  8010 | D:10     | You fall through a shaft for 2 floors!
  8010 | D:12     | Noticed a brown ugly thing
  8142 | D:10     | Killed from afar by aaksess's ghost

Skill      XL: |  1  2  3  4  5  6  7  8  9 10 |
---------------+-------------------------------+-----
Evocations     | 1 3 6 7 |  7.0
Fighting       | 4 5 8 9 |  9.0
Armour         | 3 4 6 |  6.0
Shields        | 2 4 |  4.0
Invocations    | 4 8 9 |  9.0
Axes           | 3 |  3.2
Dodging        | |  0.8

Action                   |  1- 3 |  4- 6 |  7- 9 | 10-12 || total
-------------------------+-------+-------+-------+-------++-------
Melee: Hand axe          |   105 |   329 |    74 |       ||   508
       Kick              |    19 |    72 |   141 |    42 ||   274
       Headbutt          |       |    28 |    82 |    22 ||   132
       Flail             |       |       |   356 |   107 ||   463
       Broad axe         |       |       |       |    10 ||    10
Invok: Depart the Abyss  |     1 |       |       |       ||     1
       Banish            |       |       |     5 |       ||     5
Evoke: Wand              |       |       |     3 |    10 ||    13
  Use: Potion            |     5 |     2 |     5 |     2 ||    14
       Scroll            |     5 |     3 |     9 |     8 ||    25
 Stab: Distracted        |       |       |     4 |     1 ||     5
  Eat: Ration            |       |     3 |     4 |     1 ||     8
       Chunk             |       |       |     2 |       ||     2
Armor: Leather armour    |    14 |       |       |       ||    14
       Plate armour      |    77 |   267 |   330 |   103 ||   777
Dodge: Dodged            |    32 |    65 |    14 |     4 ||   115
Block: Large shield      |       |    33 |   352 |   109 ||   494
